 Dungeon Sprint DCSS version 0.18-a0-1361-g9293dd1 (webtiles) character file.

3765 Kidiri the Covert (level 9, -4/46 (47) HPs)
             Began as a Spriggan Enchanter on Feb 20, 2016.
             Was a Follower of Dithmenos.
             Slain by a sphinx (7 damage)
             ... while paralysed by a sphinx
             ... in the Dungeon (Sprint II: "The Violet Keep of Menkaure").
             The game lasted 00:11:57 (1053 turns).

Kidiri the Covert (Spriggan Enchanter)              Turns: 1053, Time: 00:11:57

HP:   -4/46 (47)    AC:  5    Str:  4    XL:     9   Next: 94%
MP:   25/25         EV:  4    Int: 18    God:    Dithmenos [*.....]
Gold: 627           SH:  0    Dex: 18    Spells: 8 memorised, 2 levels left

rFire  . . .     SeeInvis +     a - +1 dagger
rCold  . . .     Gourm    .     b - +1 robe
rNeg   . . .     Faith    .     x - +0 buckler (curse)
rPois  .         Spirit   .     k - +2 hat {SInv}
rElec  .         Dismiss  .     (no cloak)
rCorr  +         Reflect  .     (gloves unavailable)
SustAt .         Harm     .     (boots unavailable)
MR     +....     NoTele   +     (no amulet)
Stlth  ++++++++..               (no ring)
                                r - ring of resist corrosion

@: paralysed, wreathed by umbra, very quick, somewhat resistant to hostile
enchantments, extraordinarily stealthy
A: unfitting armour, see invisible, herbivore 3, speed 3, slow metabolism 2
a: Renounce Religion


You were in the Dungeon.
You worshipped Dithmenos.
Dithmenos was aware of your devotion.
You were not hungry.

You visited 1 branch You collected 1414 gold pieces.
You spent 787 gold pieces at shops.

Inventory:

Hand Weapons
 a - a +1 dagger (weapon)
Missiles
 q - a throwing net (quivered)
Armour
 b - a +1 robe (worn)
 k - a +2 hat of see invisible (worn)
 x - a cursed +0 buckler (worn)
Jewellery
 r - a ring of resist corrosion (left hand)
Scrolls
 j - 2 scrolls of blinking
 m - a scroll of remove curse {unknown}
 t - a scroll of enchant armour {unknown}
 u - a scroll of recharging {unknown}
 w - a scroll of magic mapping {unknown}
 y - a scroll of identify {unknown}
Potions
 e - 2 potions of curing
 f - a potion of heal wounds
 g - 2 potions of haste
 h - 5 potions of magic
 n - 3 potions of resistance {unknown}
 o - a potion of cure mutation {unknown}
 p - 2 potions of degeneration {unknown}
 s - a potion of might {unknown}
 v - 3 potions of flight {unknown}
 z - a potion of agility {unknown}
Books
 i - a book of the Sky

   Spells                             Type                      Level
   a - Summon Lightning Spire         Summoning/Air                4
   b - Airstrike                      Air                          4
   c - Silence                        Hexes/Air                    5
   d - Deflect Missiles               Charms/Air                   6
   e - Conjure Ball Lightning         Conjuration/Air              6
   f - Tornado                        Air                          9
Comestibles
 d - 2 bread rations


   Skills:
 + Level 5.3 Fighting
 * Level 10.0 Short Blades
 + Level 4.7 Armour
 * Level 12.9 Dodging
 * Level 14.1 Stealth
 * Level 2.0 Shields
 * Level 11.2 Spellcasting
 + Level 3.5 Conjurations
 + Level 8.6 Hexes
 + Level 4.3 Charms
 + Level 4.0 Ice Magic
 + Level 3.6 Air Magic
 + Level 1.7 Invocations


You had 2 spell levels left.
You knew the following spells:

 Your Spells              Type           Power        Failure   Level  Hunger
a - Corona                Hex            #####..      1%          1    None
b - Ensorcelled Hibernat  Hex/Ice        ####..       1%          2    None
c - Confuse               Hex            #####...     1%          3    None
d - Tukima's Dance        Hex            #####...     1%          3    None
e - Dazzling Spray        Conj/Hex       ####....     2%          3    None
f - Airstrike             Air            ###.......   28%         4    ##.....
g - Deflect Missiles      Chrm/Air       ###.......   100%        6    ######.
h - Conjure Ball Lightni  Conj/Air       ###.......   100%        6    ######.


Dungeon Overview and Level Annotations

Branches:
Dungeon (1/1)

Altars:
Cheibriados
Dithmenos
Elyvilon
Fedhas
Gozag
Kikubaaqudgha
Makhleb
Nemelex Xobeh
Okawaru
Pakellas
Qazlal
Ru
Sif Muna
Trog
Vehumet
Xom
Yredelemnul
Zin
The Shining One
Beogh
Jiyva
Lugonu

Shops:
D [::%?=}(![=%!!=*

Annotations:
D exclusion: oklob plant


Innate Abilities, Weirdness & Mutations

You are tiny and cannot use many weapons and most armour.
You have supernaturally acute eyesight.
You are an herbivore.
You cover ground extremely quickly.
You need consume almost no food.


Message History

Unknown command.
You open the door.
A sphinx comes into view.
Found 135 gold pieces.
Unknown command.
A sphinx comes into view.
Found 81 gold pieces.
There is an open door here.
The sphinx casts a spell.
You suddenly lose the ability to move!
The sphinx shouts!
The sphinx hits you! The sphinx hits you. The sphinx hits you! x2
The sphinx hits you but does no damage. The sphinx hits you.
* * * LOW HITPOINT WARNING * * *
The sphinx hits you.
* * * LOW HITPOINT WARNING * * *
The sphinx hits you.
* * * LOW HITPOINT WARNING * * *
The sphinx hits you!
You die...

#▓).......▓▓
#▓▓▓▓▓▓▓+▓▓▓▓+▓
≈≈≈≈≈≈≈≈...≈≈X▓
######+###.≈≈≈▓
.....#≈≈≈##≈≈≈▓
._._.#≈§§§####▓▓▓▓▓
_._._#≈§§§≈##..#$$▓
._._.#≈§§≈§≈#.%#$H▓
_._._#§§§§§§'§.'@$▓
._._.#≈≈≈§§%#§.#$H▓
_._..#≈≈§§§≈▓..#$$▓
._...#§§§≈▓▓▓▓▓▓▓▓▓
######≈§§§▓z..
≈≈≈≈≈≈≈§≈≈▓...
######≈▓▓▓▓▓▓▓▓ #▓▓


You could see 2 sphinxes.

Vanquished Creatures
  2 deep trolls (D)
  A yaktaur (D)
  3 polar bears (D)
  2 boulder beetles (D)
  A blink frog (D)
  2 hippogriffs (D)
  A wasp (D)
  4 necrophages (D)
  4 crocodiles (D)
20 creatures vanquished.

Vanquished Creatures (collateral kills)
  A siren (D)
1 creature vanquished.

Vanquished Creatures (others)
  Menkaure (D)
  A crocodile (D)
  4 tentacles (D)
  91 tentacle segments (D)
97 creatures vanquished.

Grand Total: 118 creatures vanquished

Notes
Turn   | Place    | Note
--------------------------------------------------------------
     0 | D        | Kidiri the Spriggan Enchanter began the quest for the Orb.
     0 | D        | Reached XP level 1. HP: 9/9 MP: 5/5
     1 | D        | Noticed a hippogriff
     1 | D        | Noticed a hippogriff
     4 | D        | Noticed a siren
     7 | D        | Noticed a necrophage
     7 | D        | Noticed a necrophage
     7 | D        | Noticed a necrophage
     7 | D        | Noticed a necrophage
    16 | D        | Killed a necrophage
    16 | D        | Reached skill level 1 in Fighting
    16 | D        | Reached skill level 1 in Armour
    16 | D        | Reached skill level 5 in Dodging
    16 | D        | Reached skill level 7 in Stealth
    16 | D        | Reached skill level 5 in Spellcasting
    16 | D        | Reached XP level 2. HP: 15/15 MP: 6/9
    16 | D        | Reached XP level 3. HP: 18/18 MP: 6/10
    16 | D        | Reached XP level 4. HP: 23/23 MP: 7/12
    20 | D        | Killed a necrophage
    20 | D        | Reached skill level 8 in Stealth
    20 | D        | Reached skill level 5 in Hexes
    20 | D        | Reached XP level 5. HP: 26/26 MP: 7/14
    25 | D        | Killed a necrophage
    25 | D        | Reached skill level 5 in Short Blades
    25 | D        | Reached skill level 9 in Stealth
    34 | D        | Killed a necrophage
    34 | D        | Reached XP level 6. HP: 17/31 MP: 9/17
    38 | D        | Learned a level 2 spell: Ensorcelled Hibernation
    41 | D        | Killed Menkaure
    42 | D        | Learned a level 3 spell: Confuse
    46 | D        | Learned a level 3 spell: Tukima's Dance
    50 | D        | Learned a level 3 spell: Dazzling Spray
   161 | D        | Noticed a boulder beetle
   161 | D        | Noticed a boulder beetle
   169 | D        | Killed a hippogriff
   169 | D        | Reached skill level 10 in Stealth
   169 | D        | Reached skill level 1 in Ice Magic
   172 | D        | Killed a hippogriff
   172 | D        | Reached skill level 1 in Conjurations
   172 | D        | Reached XP level 7. HP: 35/35 MP: 13/19
   228 | D        | Killed a siren
   228 | D        | Reached skill level 10 in Dodging
   228 | D        | Reached skill level 11 in Stealth
   347 | D        | Killed a boulder beetle
   347 | D        | Reached XP level 8. HP: 41/41 MP: 3/22
   477 | D        | Killed a boulder beetle
   477 | D        | Reached skill level 12 in Stealth
   519 | D        | Found Ubopuhol's Jewellery Boutique.
   521 | D        | Found Qiasytza's Distillery.
   521 | D        | Found Keptesk's Distillery.
   538 | D        | Noticed an obsidian statue
   542 | D        | Found Geulen's Assorted Antiques.
   545 | D        | Found Boph's Food Shop.
   546 | D        | Found Lyujic's Antique Armour Boutique.
   546 | D        | Found Impury's Jewellery Boutique.
   547 | D        | Noticed a blink frog
   549 | D        | Killed a blink frog
   553 | D        | Found Wylinot's Antique Weapon Shop.
   555 | D        | Found Heeten's Distillery.
   556 | D        | Found Diyraisk's Gadget Shop.
   556 | D        | Found Yxod's Jewellery Boutique.
   559 | D        | Found Cahothau's Magic Scroll Shop.
   559 | D        | Found Beyhula's Food Boutique.
   559 | D        | Noticed an oklob plant
   560 | D        | Found Nohaehe's Book Shop.
   560 | D        | Found Lirrican's Antique Armour Boutique.
   560 | D        | Found Saohi's Book Shoppe.
   561 | D        | Noticed a polar bear
   566 | D        | Noticed a polar bear
   570 | D        | Noticed a death yak
   574 | D        | Bought a book of the Sky for 715 gold pieces
   579 | D        | Learned a level 4 spell: Airstrike
   586 | D        | Learned a level 6 spell: Deflect Missiles
   607 | D        | Bought a glowing hat for 72 gold pieces
   645 | D        | Found an oddly glowing altar of Pakellas.
   646 | D        | Found an ancient bone altar of Kikubaaqudgha.
   647 | D        | Found an iron altar of Okawaru.
   647 | D        | Found a shimmering altar of Xom.
   647 | D        | Found a sparkling altar of Nemelex Xobeh.
   647 | D        | Found a stormy altar of Qazlal.
   648 | D        | Found a white marble altar of Elyvilon.
   648 | D        | Found a burning altar of Makhleb.
   648 | D        | Found a sacrificial altar of Ru.
   649 | D        | Found a radiant altar of Vehumet.
   649 | D        | Found a glowing golden altar of the Shining One.
   650 | D        | Found a corrupted altar of Lugonu.
   650 | D        | Found a viscous altar of Jiyva.
   651 | D        | Found a basalt altar of Yredelemnul.
   651 | D        | Found a shadowy altar of Dithmenos.
   652 | D        | Noticed a yaktaur
   652 | D        | Noticed a polar bear
   653 | D        | Noticed a polar bear
   653 | D        | Noticed a polar bear
   654 | D        | Killed a polar bear
   654 | D        | Reached skill level 10 in Spellcasting
   654 | D        | Reached skill level 1 in Charms
   654 | D        | Reached skill level 1 in Air Magic
   659 | D        | Killed a polar bear
   659 | D        | Reached skill level 13 in Stealth
   659 | D        | Reached XP level 9. HP: 45/45 MP: 20/24
   672 | D        | Killed a polar bear
   678 | D        | Killed a yaktaur
   694 | D        | Learned a level 6 spell: Conjure Ball Lightning
   698 | D        | Found an opulent altar of Gozag.
   700 | D        | Found a bloodstained altar of Trog.
   700 | D        | Found a glowing silver altar of Zin.
   700 | D        | Found a blossoming altar of Fedhas.
   701 | D        | Found a deep blue altar of Sif Muna.
   701 | D        | Found a roughly hewn altar of Beogh.
   701 | D        | Found a snail-covered altar of Cheibriados.
   709 | D        | Became a worshipper of Dithmenos the Shadowed
   727 | D        | Noticed a kraken
   891 | D        | Reached skill level 5 in Fighting
   894 | D        | Reached * piety under Dithmenos
  1026 | D        | Noticed a deep troll
  1027 | D        | Noticed a deep troll
  1029 | D        | Killed a deep troll
  1029 | D        | Reached skill level 1 in Shields
  1029 | D        | Reached skill level 1 in Invocations
  1030 | D        | Killed a deep troll
  1030 | D        | Reached skill level 10 in Short Blades
  1030 | D        | Reached skill level 14 in Stealth
  1050 | D        | Noticed a sphinx
  1051 | D        | Noticed a sphinx
  1052 | D        | Paralysed by a sphinx for 7 turns
  1053 | D        | Slain by a sphinx

Vault maps used:
D:        the_violet_keep_of_menkaure

Action                   |  1- 3 |  4- 6 |  7- 9 || total
-------------------------+-------+-------+-------++-------
Melee: Dagger            |     5 |    20 |    39 ||    64
 Cast: Ensorcelled Hiber |       |     2 |     6 ||     8
       Confuse           |       |       |     8 ||     8
       Dazzling Spray    |       |       |     4 ||     4
       Tukima's Dance    |       |       |     2 ||     2
  Use: Potion            |     1 |       |       ||     1
       Scroll            |       |       |     2 ||     2
 Stab: Sleeping          |       |     2 |    11 ||    13
       Invisible         |       |       |     1 ||     1
       Confused          |       |       |     6 ||     6
